 Dungeon Crawl Stone Soup version 0.27.1 (webtiles) character file.

Game seed: 2859055035418907239

1275 MajorAdolf the Skirmisher (level 8, 0/76 HPs)
             Began as a Naga Wanderer on Aug 31, 2021.
             Was an Initiate of Gozag.
             Slain by an orc (4 damage)
             ... on level 6 of the Dungeon.
             The game lasted 00:08:04 (8218 turns).

MajorAdolf the Skirmisher (Naga Wanderer)           Turns: 8218, Time: 00:08:05

Health: 0/76       AC:  9    Str: 15    XL:     8   Next: 53%
Magic:  8/8        EV:  4    Int: 19    God:    Gozag
Gold:   285        SH:  0    Dex: 12    Spells: 4/7 levels left

rFire    . . .     SeeInvis +   a - +2 short sword
rCold    + . .     Faith    .   (no shield)
rNeg     . . .     Spirit   .   f - +2 chain mail {rC+}
rPois    +         Reflect  .   (no helmet)
rElec    .         Harm     .   (no cloak)
rCorr    .         Rampage  .   (no gloves)
Will     +....                  (no barding)
Stlth    ..........             (no amulet)
HPRegen  0.22/turn              j - ring of wizardry
MPRegen  0.11/turn              k - +6 ring of intelligence

@: very slow
A: AC +2, large, see invisible, deformed body, poison resistance, slowness 2,
spit poison 1, naga tail 1
a: Spit Poison, Renounce Religion, Potion Petition, Call Merchant, Bribe Branch


You were on level 6 of the Dungeon.
You worshipped Gozag.
Gozag was aware of your devotion.
You visited 2 branches of the dungeon, and saw 8 of its levels.

You collected 354 gold pieces.
You paid 69 gold pieces to Gozag.

Inventory:

Hand Weapons
 a - a +2 short sword (weapon)
 e - a +0 dagger
Armour
 d - a +0 robe
 f - a +2 chain mail of cold resistance (worn)
 v - the +0 cloak of Moral Flaws {+Inv rElec Slay-3}
   (You found it on level 4 of the Dungeon)

   Slay:      It affects your accuracy & damage with ranged weapons and melee
   (-3).
   rElec:     It insulates you from electricity.
   +Inv:      It lets you turn invisible.
Jewellery
 j - a ring of wizardry (left hand)
 k - a +6 ring of intelligence (right hand)
 y - a ring of willpower
Wands
 n - a wand of iceblast (18)
Scrolls
 l - a scroll of magic mapping {unknown}
 m - a scroll of fear {unknown}
 p - 2 scrolls of amnesia {unknown}
 q - a scroll of immolation {unknown}
 t - 2 scrolls of identify {unknown}
 u - 3 scrolls of noise {unknown}
 x - a scroll of vulnerability {unknown}
Potions
 g - a potion of flight {unknown}
 h - a potion of curing
 i - a potion of haste {unknown}
 o - 4 potions of cancellation {unknown}
 r - a potion of degeneration {unknown}
 s - a potion of attraction {unknown}
 w - 2 potions of ambrosia {unknown}
 z - a potion of brilliance {unknown}


   Skills:
 + Level 5.8 Fighting
 - Level 3.0 Short Blades
 - Level 2.0 Maces & Flails
 + Level 3.5 Armour
 - Level 3.0 Stealth
 + Level 3.5 Conjurations
 + Level 3.5 Air Magic
 + Level 4.6 Poison Magic
 + Level 3.2 Evocations


You had 4 spell levels left.
You knew the following spells:

 Your Spells              Type           Power      Damage    Failure   Level
a - Mephitic Cloud        Conj/Pois/Air  14%        N/A       65%         3

Your spell library contained the following spells:

 Spells                   Type           Power      Damage    Failure   Level
 Magic Dart               Conj           52%        1d5       34%         1
 Poisonous Vapours        Pois/Air       30%        N/A       41%         2
 Corpse Rot               Necr/Air       N/A        N/A       71%         2
 Blink                    Tloc           N/A        N/A       91%         2
 Call Imp                 Summ           0%         N/A       91%         2
 Gell's Gravitas          Tloc           0%         N/A       99%         3
 Lesser Beckoning         Tloc           0%         N/A       99%         3
 Teleport Other           Tloc           0%         N/A       99%         3
 Freezing Cloud           Conj/Ice/Air   4%         6-21      100%        5
 Manifold Assault         Tloc           0%         N/A       100%        5


Dungeon Overview and Level Annotations

Branches:
Dungeon (7/15)             Temple (1/1) D:5

Altars:
Ashenzari
Cheibriados
Dithmenos
Elyvilon
Fedhas
Gozag
Hepliaklqana
Kikubaaqudgha
Makhleb
Nemelex Xobeh
Okawaru
Qazlal
Sif Muna
Trog
Uskayaw
Vehumet
Wu Jian
Xom
Yredelemnul
Zin
The Shining One


Innate Abilities, Weirdness & Mutations

Your serpentine skin is tough. (AC +2)
You have supernaturally acute eyesight. (SInv)
Armour fits poorly on your strangely shaped body.
Your system is resistant to poisons. (rPois)
You cover ground very slowly.
You can spit poison.
You have a snake-like lower body.


Message History

You climb upwards.
The gnoll sergeant completely misses you.
The gnoll hits you with a +0 club.
There is a stone staircase leading down, spattered with blood here.
Unknown command.
The gnoll sergeant hits you from afar with a +0 spear!
The gnoll hits you from afar with a +0 halberd!
The gnoll sergeant hits you from afar with a +0 spear!
The gnoll hits you from afar with a +0 halberd.
The gnoll hits you with a +0 club. The gnoll barely misses you.
The ogre hits you with a +0 giant spiked club!
The gnoll sergeant hits you but does no damage.
The gnoll hits you with a +0 club!
The gnoll hits you from afar with a +0 halberd!
* * * LOW HITPOINT WARNING * * *
The ogre barely misses you. The gnoll hits you but does no damage.
The gnoll sergeant barely misses you. The gnoll sergeant barely misses you.
The gnoll hits you but does no damage.
An orc comes into view. It is wielding a +0 short sword.
The orc shouts!
You hear a shout!
The gnoll hits you with a +0 club.
* * * LOW HITPOINT WARNING * * *
The gnoll sergeant hits you from afar with a +0 spear!
* * * LOW HITPOINT WARNING * * *
An orc comes into view. It is wielding a +0 club.
The gnoll hits you with a +0 club.
* * * LOW HITPOINT WARNING * * *
The gnoll sergeant hits you but does no damage.
The gnoll barely misses you.
The gnoll sergeant hits you from afar with a +0 spear.
* * * LOW HITPOINT WARNING * * *
The gnoll barely misses you.
An adder comes into view.
The adder hisses angrily.
There is a stone staircase leading up here.
The orc hits you with a +0 short sword.
You die...
Your body crumbles into a pile of gold. #.##...(...# #.##.......# #.#####.#### #.#####.# ## $ #..S.##.# .. ####.##.##.# ## #.......# ###. ####.#### #... # #..@# #.#.###. ....... #.)o# #.#..##. ..... #ggg#

#.##.##. #...... #.g.#
#.##.##. . ... #[.g#
######....... .$.
#####.o.####...O........
#.#
.......O..g.g.#####..#.#
#O#
..............#####..#..
.###.#
..............##.....###


You could see an ogre, a gnoll sergeant, 4 gnolls, an adder and 2 orcs.

Vanquished Creatures
  A black bear (D:5)
  A necrophage (D:3)
  An ogre (D:6)
  A centaur (D:5)
  3 scorpions (D:6)
  6 killer bees (D:6)
  A hound (D:5)
  2 orc priests (D:4)
  2 jellies
  3 orc wizards
  A hound skeleton (D:4)
  6 adders
  10 gnolls
  A howler monkey skeleton (D:4)
  3 worms
  A dart slug (D:1)
  6 orcs
  7 bats
  10 endoplasms
  12 giant cockroaches
  5 goblins
  6 hobgoblins
  4 jackals (D:3)
  2 quokkas
  9 ball pythons
  3 frilled lizards
  2 kobolds
  A rat (D:2)
110 creatures vanquished.

Vanquished Creatures (others)
  An orc wizard (D:3)
  An orc (D:3)
2 creatures vanquished.

Grand Total: 112 creatures vanquished

Notes
Turn   | Place    | Note
-------+----------+-------------------------------------------
     0 | D:1      | MajorAdolf the Naga Wanderer began the quest for the Orb.
     0 | D:1      | MajorAdolf set off with the following items: a +2 short
                  | sword, a potion of lignification, a scroll of
                  | teleportation, a +0 robe, a +0 dagger
     0 | D:1      | Reached XP level 1. HP: 21/21 MP: 1/1
   321 | D:1      | Reached XP level 2. HP: 28/28 MP: 2/2
   838 | D:1      | Reached XP level 3. HP: 31/36 MP: 3/3
   986 | D:2      | Reached skill level 4 in Fighting
  1054 | D:2      | Reached skill level 1 in Armour
  1144 | D:2      | Reached XP level 4. HP: 30/44 MP: 4/4
  1511 | D:2      | Learned a level 3 spell: Mephitic Cloud
  2170 | D:3      | Reached XP level 5. HP: 30/51 MP: 5/5
  2186 | D:3      | Reached skill level 1 in Poison Magic
  2598 | D:3      | Reached skill level 1 in Conjurations
  2598 | D:3      | Reached skill level 1 in Air Magic
  2922 | D:3      | Noticed a necrophage
  2934 | D:3      | Killed a necrophage
  2935 | D:3      | Reached XP level 6. HP: 60/60 MP: 6/6
  3391 | D:4      | Reached skill level 1 in Evocations
  4102 | D:4      | Identified the +0 cloak of Moral Flaws {+Inv rElec Slay-3}
  4369 | D:5      | Entered Level 5 of the Dungeon
  4791 | D:5      | Reached skill level 5 in Fighting
  4791 | D:5      | Reached XP level 7. HP: 8/67 MP: 7/7
  5147 | D:5      | Found a staircase to the Ecumenical Temple.
  5162 | Temple   | Entered the Ecumenical Temple
  5439 | Temple   | Became a worshipper of Gozag Ym Sagoz the Greedy
  6498 | D:6      | Paralysed by a gnoll for 7 turns
  6509 | D:6      | Paralysed by a gnoll for 7 turns
  6857 | D:6      | Reached XP level 8. HP: 75/75 MP: 8/8
  8215 | D:6      | HP: 3/76 [gnoll sergeant (3)]
  8218 | D:6      | Slain by an orc

Illustrated notes

Levels and vault maps discovered:
D:1:      minmay_arrival_cross, layout_basic, nrook_campfire
D:2:      minmay_roachtagon, layout_rooms, due_unseen_surprise
D:3:      layout_loops_ring, grunt_ministairs_7, minmay_fountain_box,
          grunt_decor_mini_mirrors
D:4:      layout_rooms, uniq_crazy_yiuf_cottage
D:5:      layout_rooms, minmay_temple_entry_ruins
D:6:      layout_loops_cross
D:7:      layout_layer_cave, uniq_pikel
Temple:   nicolae_temple_the_god_donut

Skill      XL: |  1  2  3  4  5  6  7  8 |
---------------+-------------------------+-----
Fighting       | 4 5 |  5.8
Armour         | 1 2 3 |  3.5
Poison Magic   | 2 3 4 |  4.6
Conjurations   | 1 2 3 |  3.5
Air Magic      | 1 2 3 |  3.5
Evocations     | 1 2 3 |  3.2
Short Blades   | |  3.0
Maces & Flails | |  2.0
Stealth        | |  3.0

Action                   |  1- 3 |  4- 6 |  7- 9 || total
-------------------------+-------+-------+-------++-------
Melee: Short sword       |    81 |   237 |   179 ||   497
 Abil: Spit Poison       |     8 |    11 |    21 ||    40
Evoke: Wand              |       |       |     1 ||     1
  Use: Potion            |       |     1 |     2 ||     3
       Scroll            |       |       |     1 ||     1
Armor: Robe              |     1 |       |       ||     1
       Chain mail        |    49 |   180 |   113 ||   342
       Skin              |       |    56 |    66 ||   122
Dodge: Dodged            |    17 |    70 |    46 ||   133
